AoeStats
← nicola.mainardi94

Arena

510578754Analyzed
2v2 RM · 1d ago on Oct 1, 2026· 125m 4s· 4 players
Game mode
Random Map
Map size
Medium (4 player)
Population
200
Speed
Normal
Resources
Standard
Victory
Conquest
Starting age
Dark Age
Ending age
Imperial Age
RankedLock teamsTeams togetherTeam positionsShared explorationLock speedFull tech treeHidden civsTurbo modeCheats
Victory
Defeat
🇮🇹 Inca · Italy
590
+15
🇳🇱 Britons · Netherlands
555
+17
🇹🇷 Magyars · Türkiye
629
-18
🇧🇷 Khmer · Brazil
512
-14
bart_arend
1:06 Loom
12:13 Feudal Age
13:29 Wheelbarrow
12:50 Gold Mining
12:48 Double-Bit Axe
13:38 Horse Collar
18:32 Castle Age
20:00 Hand Cart
19:59 Bow Saw
19:52 Heavy Plow
19:48 Stone Mining
25:08 Pikeman
26:48 Squires
27:06 Elite Skirmisher
30:26 Caravan
35:10 Imperial Age
33:20 Yeomen
33:16 Fletching
33:27 Padded Archer Armor
33:28 Scale Mail Armor
33:52 Forging
34:09 Ballistics
37:07 Guilds
37:29 Coinage
37:39 Halberdier
39:37 Chemistry
38:23 Arrowslits
38:38 Bodkin Arrow
38:59 Leather Archer Armor
39:20 Iron Casting
41:15 Warwolf
42:31 Bracer
43:02 Ring Archer Armor
42:48 Chain Mail Armor
45:51 Hoardings
46:34 Banking
48:04 Elite Longbowman
49:05 Masonry
51:27 Blast Furnace
50:58 Plate Mail Armor
50:37 Scale Barding Armor
53:51 Murder Holes
59:47 Architecture
69:26 Chain Barding Armor
73:03 Sappers
75:20 Man-at-Arms
79:00 Gambesons
78:36 Long Swordsman
95:31 Heavy Mounted Crossbowman
95:33 Cranequins
nicola.mainardi94
6:57 Loom
12:07 Feudal Age
12:34 Double-Bit Axe
13:26 Horse Collar
18:51 Gold Mining
18:52 Stone Mining
23:12 Castle Age
22:27 Fletching
22:50 Forging
23:48 Scale Mail Armor
23:57 Elite Skirmisher
24:33 Town Watch
25:02 Heavy Plow
25:50 Bow Saw
25:18 Champi Runner
26:21 Padded Archer Armor
26:50 Pikeman
32:52 Imperial Age
30:35 Champi Warrior
33:05 Wheelbarrow
32:36 Town Patrol
33:03 Bodkin Arrow
33:52 Ballistics
34:23 Crop Rotation
34:45 Fabric Shields
35:56 Conscription
40:19 Elite Kamayuk
42:08 Heavy Scorpion
50:13 Elite Champi Warrior
50:16 Halberdier
54:54 Bracer
55:31 Iron Casting
55:13 Chain Mail Armor
55:13 Leather Archer Armor
62:02 Gold Shaft Mining
65:14 Andean Sling
70:58 Plate Mail Armor
72:44 Chemistry
71:56 Fortified Wall
71:42 Murder Holes
86:31 Caravan
108:22 Blast Furnace
The kantinci
13:33 Feudal Age
14:08 Double-Bit Axe
17:39 Stone Mining
22:24 Castle Age
20:32 Scale Barding Armor
23:24 Bow Saw
23:55 Chain Barding Armor
27:02 Corvinian Army
32:38 Imperial Age
29:57 Horse Collar
30:35 Gold Mining
33:16 Gold Shaft Mining
33:42 Conscription
32:50 Man-at-Arms
34:05 Long Swordsman
34:49 Scale Mail Armor
35:36 Siege Engineers
38:36 Plate Barding Armor
40:08 Wheelbarrow
40:42 Two-Man Saw
40:19 Wheelbarrow
39:53 Heavy Plow
39:51 Elite Magyar Huszar
42:30 Chain Mail Armor
44:40 Two-Handed Swordsman
53:28 Champion
78:04 Hoardings
102:22 Elite Skirmisher
104:38 Padded Archer Armor
104:29 Fletching
105:46 Ballistics
106:37 Chemistry
106:34 Bodkin Arrow
107:35 Bracer
108:02 Leather Archer Armor
109:52 Ring Archer Armor
Wendell, O Malakoi
5:44 Loom
11:40 Feudal Age
12:11 Horse Collar
12:58 Double-Bit Axe
13:23 Gold Mining
15:56 Wheelbarrow
21:04 Castle Age
19:28 Stone Mining
22:16 Bow Saw
22:08 Heavy Plow
22:46 Gold Shaft Mining
27:35 Imperial Age
26:48 Town Watch
27:18 Hand Cart
28:08 Capped Ram
30:09 Scale Mail Armor
31:11 Masonry
31:16 Forging
30:41 Cavalier
36:57 Iron Casting
35:46 Heavy Scorpion
36:58 Architecture
39:08 Pikeman
39:08 Man-at-Arms
39:11 Elite Skirmisher
39:11 Crossbowman
40:47 Husbandry
43:58 Light Cavalry
45:27 Chain Mail Armor
45:17 Scale Barding Armor
45:13 Padded Archer Armor
45:03 Fletching
49:37 Halberdier
49:38 Long Swordsman
55:59 Town Patrol
61:31 Stone Shaft Mining
67:55 Arbalester
70:06 Hussar
70:56 Bloodlines
71:33 Heavy Cavalry Archer
76:33 Heated Shot
77:03 Ballistics
77:46 Blast Furnace
78:37 Chain Barding Armor
78:13 Bodkin Arrow
78:33 Leather Archer Armor
79:21 Chemistry
78:33 Fortified Wall
78:20 Murder Holes
78:17 Guard Tower
78:33 Siphons
78:40 Careening
78:58 Long Swordsman
79:24 Arson
85:11 Onager
85:11 Siege Ram
87:32 Coinage
86:34 Two-Handed Swordsman
96:55 Banking
106:57 Siege Engineers
107:31 Plate Barding Armor
107:27 Ring Archer Armor
106:57 Bracer
114:14 Keep
Connection lost

Rejoining the realm…

Still unreachable

The connection could not be restored.

Session expired

The server has moved on; the page needs a fresh start.